%YAML 1.1
%TAG !u! tag:unity3d.com,2011:
--- !u!1 &8356718195549652370
GameObject:
  m_ObjectHideFlags: 0
  m_CorrespondingSourceObject: {fileID: 0}
  m_PrefabInstance: {fileID: 0}
  m_PrefabAsset: {fileID: 0}
  serializedVersion: 6
  m_Component:
  - component: {fileID: 7237086014911485413}
  m_Layer: 0
  m_Name: Panier et Bouteilles
  m_TagString: Untagged
  m_Icon: {fileID: 0}
  m_NavMeshLayer: 0
  m_StaticEditorFlags: 0
  m_IsActive: 1
--- !u!4 &7237086014911485413
Transform:
  m_ObjectHideFlags: 0
  m_CorrespondingSourceObject: {fileID: 0}
  m_PrefabInstance: {fileID: 0}
  m_PrefabAsset: {fileID: 0}
  m_GameObject: {fileID: 8356718195549652370}
  m_LocalRotation: {x: -0, y: 0.066117376, z: -0, w: 0.99781185}
  m_LocalPosition: {x: 1.0584822, y: 0.68251127, z: 0.7134794}
  m_LocalScale: {x: 1, y: 1, z: 1}
  m_Children:
  - {fileID: 8804726297011747613}
  - {fileID: 8804726295915109158}
  - {fileID: 8804726296319824689}
  - {fileID: 8804726296891046106}
  - {fileID: 8804726296018136247}
  - {fileID: 8804726296915321711}
  - {fileID: 8804726295352272545}
  m_Father: {fileID: 0}
  m_RootOrder: 0
  m_LocalEulerAnglesHint: {x: 0, y: 0, z: 0}
--- !u!1001 &9059574042630135030
PrefabInstance:
  m_ObjectHideFlags: 0
  serializedVersion: 2
  m_Modification:
    m_TransformParent: {fileID: 7237086014911485413}
    m_Modifications:
    - target: {fileID: -8679921383154817045, guid: a833e6e18e772ed45b3719f315e58c21,
        type: 3}
      propertyPath: m_LocalPosition.x
      value: 0.038880132
      objectReference: {fileID: 0}
    - target: {fileID: -8679921383154817045, guid: a833e6e18e772ed45b3719f315e58c21,
        type: 3}
      propertyPath: m_LocalPosition.y
      value: -0.8709658
      objectReference: {fileID: 0}
    - target: {fileID: -8679921383154817045, guid: a833e6e18e772ed45b3719f315e58c21,
        type: 3}
      propertyPath: m_LocalPosition.z
      value: -0.058917053
      objectReference: {fileID: 0}
    - target: {fileID: -8679921383154817045, guid: a833e6e18e772ed45b3719f315e58c21,
        type: 3}
      propertyPath: m_LocalRotation.x
      value: -0
      objectReference: {fileID: 0}
    - target: {fileID: -8679921383154817045, guid: a833e6e18e772ed45b3719f315e58c21,
        type: 3}
      propertyPath: m_LocalRotation.y
      value: -0.14793782
      objectReference: {fileID: 0}
    - target: {fileID: -8679921383154817045, guid: a833e6e18e772ed45b3719f315e58c21,
        type: 3}
      propertyPath: m_LocalRotation.z
      value: -0
      objectReference: {fileID: 0}
    - target: {fileID: -8679921383154817045, guid: a833e6e18e772ed45b3719f315e58c21,
        type: 3}
      propertyPath: m_LocalRotation.w
      value: 0.9889967
      objectReference: {fileID: 0}
    - target: {fileID: -8679921383154817045, guid: a833e6e18e772ed45b3719f315e58c21,
        type: 3}
      propertyPath: m_RootOrder
      value: 0
      objectReference: {fileID: 0}
    - target: {fileID: -8679921383154817045, guid: a833e6e18e772ed45b3719f315e58c21,
        type: 3}
      propertyPath: m_LocalEulerAnglesHint.x
      value: 0
      objectReference: {fileID: 0}
    - target: {fileID: -8679921383154817045, guid: a833e6e18e772ed45b3719f315e58c21,
        type: 3}
      propertyPath: m_LocalEulerAnglesHint.y
      value: -9.433001
      objectReference: {fileID: 0}
    - target: {fileID: -8679921383154817045, guid: a833e6e18e772ed45b3719f315e58c21,
        type: 3}
      propertyPath: m_LocalEulerAnglesHint.z
      value: 0
      objectReference: {fileID: 0}
    - target: {fileID: -8679921383154817045, guid: a833e6e18e772ed45b3719f315e58c21,
        type: 3}
      propertyPath: m_LocalScale.x
      value: 0.008500899
      objectReference: {fileID: 0}
    - target: {fileID: -8679921383154817045, guid: a833e6e18e772ed45b3719f315e58c21,
        type: 3}
      propertyPath: m_LocalScale.y
      value: 0.0085009
      objectReference: {fileID: 0}
    - target: {fileID: -8679921383154817045, guid: a833e6e18e772ed45b3719f315e58c21,
        type: 3}
      propertyPath: m_LocalScale.z
      value: 0.008500899
      objectReference: {fileID: 0}
    - target: {fileID: -7511558181221131132, guid: a833e6e18e772ed45b3719f315e58c21,
        type: 3}
      propertyPath: m_Materials.Array.data[0]
      value: 
      objectReference: {fileID: 2100000, guid: 92293dea106710e41a2b7f73d64901ae, type: 2}
    - target: {fileID: 919132149155446097, guid: a833e6e18e772ed45b3719f315e58c21,
        type: 3}
      propertyPath: m_Name
      value: Panier02
      objectReference: {fileID: 0}
    m_RemovedComponents: []
  m_SourcePrefab: {fileID: 100100000, guid: a833e6e18e772ed45b3719f315e58c21, type: 3}
--- !u!4 &8804726297011747613 stripped
Transform:
  m_CorrespondingSourceObject: {fileID: -8679921383154817045, guid: a833e6e18e772ed45b3719f315e58c21,
    type: 3}
  m_PrefabInstance: {fileID: 9059574042630135030}
  m_PrefabAsset: {fileID: 0}
--- !u!1001 &9059574042684605572
PrefabInstance:
  m_ObjectHideFlags: 0
  serializedVersion: 2
  m_Modification:
    m_TransformParent: {fileID: 7237086014911485413}
    m_Modifications:
    - target: {fileID: -8679921383154817045, guid: 9e308269e1f538e419ce405544723f9b,
        type: 3}
      propertyPath: m_LocalPosition.x
      value: 0.3090808
      objectReference: {fileID: 0}
    - target: {fileID: -8679921383154817045, guid: 9e308269e1f538e419ce405544723f9b,
        type: 3}
      propertyPath: m_LocalPosition.y
      value: -0.8220144
      objectReference: {fileID: 0}
    - target: {fileID: -8679921383154817045, guid: 9e308269e1f538e419ce405544723f9b,
        type: 3}
      propertyPath: m_LocalPosition.z
      value: -0.09558582
      objectReference: {fileID: 0}
    - target: {fileID: -8679921383154817045, guid: 9e308269e1f538e419ce405544723f9b,
        type: 3}
      propertyPath: m_LocalRotation.x
      value: -0
      objectReference: {fileID: 0}
    - target: {fileID: -8679921383154817045, guid: 9e308269e1f538e419ce405544723f9b,
        type: 3}
      propertyPath: m_LocalRotation.y
      value: -0.066117376
      objectReference: {fileID: 0}
    - target: {fileID: -8679921383154817045, guid: 9e308269e1f538e419ce405544723f9b,
        type: 3}
      propertyPath: m_LocalRotation.z
      value: -0
      objectReference: {fileID: 0}
    - target: {fileID: -8679921383154817045, guid: 9e308269e1f538e419ce405544723f9b,
        type: 3}
      propertyPath: m_LocalRotation.w
      value: 0.99781185
      objectReference: {fileID: 0}
    - target: {fileID: -8679921383154817045, guid: 9e308269e1f538e419ce405544723f9b,
        type: 3}
      propertyPath: m_RootOrder
      value: 5
      objectReference: {fileID: 0}
    - target: {fileID: -8679921383154817045, guid: 9e308269e1f538e419ce405544723f9b,
        type: 3}
      propertyPath: m_LocalEulerAnglesHint.x
      value: 0
      objectReference: {fileID: 0}
    - target: {fileID: -8679921383154817045, guid: 9e308269e1f538e419ce405544723f9b,
        type: 3}
      propertyPath: m_LocalEulerAnglesHint.y
      value: 0
      objectReference: {fileID: 0}
    - target: {fileID: -8679921383154817045, guid: 9e308269e1f538e419ce405544723f9b,
        type: 3}
      propertyPath: m_LocalEulerAnglesHint.z
      value: 0
      objectReference: {fileID: 0}
    - target: {fileID: -8679921383154817045, guid: 9e308269e1f538e419ce405544723f9b,
        type: 3}
      propertyPath: m_LocalScale.x
      value: 0.010000001
      objectReference: {fileID: 0}
    - target: {fileID: -8679921383154817045, guid: 9e308269e1f538e419ce405544723f9b,
        type: 3}
      propertyPath: m_LocalScale.z
      value: 0.010000001
      objectReference: {fileID: 0}
    - target: {fileID: -7511558181221131132, guid: 9e308269e1f538e419ce405544723f9b,
        type: 3}
      propertyPath: m_Materials.Array.data[0]
      value: 
      objectReference: {fileID: 2100000, guid: 367b9f770aff39b4687934ce7dc320c1, type: 2}
    - target: {fileID: 919132149155446097, guid: 9e308269e1f538e419ce405544723f9b,
        type: 3}
      propertyPath: m_Name
      value: Bouteille1
      objectReference: {fileID: 0}
    m_RemovedComponents: []
  m_SourcePrefab: {fileID: 100100000, guid: 9e308269e1f538e419ce405544723f9b, type: 3}
--- !u!4 &8804726296915321711 stripped
Transform:
  m_CorrespondingSourceObject: {fileID: -8679921383154817045, guid: 9e308269e1f538e419ce405544723f9b,
    type: 3}
  m_PrefabInstance: {fileID: 9059574042684605572}
  m_PrefabAsset: {fileID: 0}
--- !u!1001 &9059574042709090097
PrefabInstance:
  m_ObjectHideFlags: 0
  serializedVersion: 2
  m_Modification:
    m_TransformParent: {fileID: 7237086014911485413}
    m_Modifications:
    - target: {fileID: -8679921383154817045, guid: c52eb12a64b983b4689d912ea709cf7b,
        type: 3}
      propertyPath: m_LocalPosition.x
      value: 0.03826797
      objectReference: {fileID: 0}
    - target: {fileID: -8679921383154817045, guid: c52eb12a64b983b4689d912ea709cf7b,
        type: 3}
      propertyPath: m_LocalPosition.y
      value: -0.79201436
      objectReference: {fileID: 0}
    - target: {fileID: -8679921383154817045, guid: c52eb12a64b983b4689d912ea709cf7b,
        type: 3}
      propertyPath: m_LocalPosition.z
      value: -0.13768622
      objectReference: {fileID: 0}
    - target: {fileID: -8679921383154817045, guid: c52eb12a64b983b4689d912ea709cf7b,
        type: 3}
      propertyPath: m_LocalRotation.x
      value: -0.20023794
      objectReference: {fileID: 0}
    - target: {fileID: -8679921383154817045, guid: c52eb12a64b983b4689d912ea709cf7b,
        type: 3}
      propertyPath: m_LocalRotation.y
      value: -0.21055107
      objectReference: {fileID: 0}
    - target: {fileID: -8679921383154817045, guid: c52eb12a64b983b4689d912ea709cf7b,
        type: 3}
      propertyPath: m_LocalRotation.z
      value: -0.09667219
      objectReference: {fileID: 0}
    - target: {fileID: -8679921383154817045, guid: c52eb12a64b983b4689d912ea709cf7b,
        type: 3}
      propertyPath: m_LocalRotation.w
      value: 0.95195985
      objectReference: {fileID: 0}
    - target: {fileID: -8679921383154817045, guid: c52eb12a64b983b4689d912ea709cf7b,
        type: 3}
      propertyPath: m_RootOrder
      value: 3
      objectReference: {fileID: 0}
    - target: {fileID: -8679921383154817045, guid: c52eb12a64b983b4689d912ea709cf7b,
        type: 3}
      propertyPath: m_LocalEulerAnglesHint.x
      value: -24.957
      objectReference: {fileID: 0}
    - target: {fileID: -8679921383154817045, guid: c52eb12a64b983b4689d912ea709cf7b,
        type: 3}
      propertyPath: m_LocalEulerAnglesHint.y
      value: -15.962001
      objectReference: {fileID: 0}
    - target: {fileID: -8679921383154817045, guid: c52eb12a64b983b4689d912ea709cf7b,
        type: 3}
      propertyPath: m_LocalEulerAnglesHint.z
      value: -6.3160005
      objectReference: {fileID: 0}
    - target: {fileID: -8679921383154817045, guid: c52eb12a64b983b4689d912ea709cf7b,
        type: 3}
      propertyPath: m_LocalScale.x
      value: 0.009999999
      objectReference: {fileID: 0}
    - target: {fileID: -8679921383154817045, guid: c52eb12a64b983b4689d912ea709cf7b,
        type: 3}
      propertyPath: m_LocalScale.y
      value: 0.010000001
      objectReference: {fileID: 0}
    - target: {fileID: -8679921383154817045, guid: c52eb12a64b983b4689d912ea709cf7b,
        type: 3}
      propertyPath: m_LocalScale.z
      value: 0.010000001
      objectReference: {fileID: 0}
    - target: {fileID: -7511558181221131132, guid: c52eb12a64b983b4689d912ea709cf7b,
        type: 3}
      propertyPath: m_Materials.Array.data[0]
      value: 
      objectReference: {fileID: 2100000, guid: bde919af2e03552469db31aa22e9f0f4, type: 2}
    - target: {fileID: 919132149155446097, guid: c52eb12a64b983b4689d912ea709cf7b,
        type: 3}
      propertyPath: m_Name
      value: Bouteille2 (1)
      objectReference: {fileID: 0}
    m_RemovedComponents: []
  m_SourcePrefab: {fileID: 100100000, guid: c52eb12a64b983b4689d912ea709cf7b, type: 3}
--- !u!4 &8804726296891046106 stripped
Transform:
  m_CorrespondingSourceObject: {fileID: -8679921383154817045, guid: c52eb12a64b983b4689d912ea709cf7b,
    type: 3}
  m_PrefabInstance: {fileID: 9059574042709090097}
  m_PrefabAsset: {fileID: 0}
--- !u!1001 &9059574043280307418
PrefabInstance:
  m_ObjectHideFlags: 0
  serializedVersion: 2
  m_Modification:
    m_TransformParent: {fileID: 7237086014911485413}
    m_Modifications:
    - target: {fileID: -8679921383154817045, guid: 9e308269e1f538e419ce405544723f9b,
        type: 3}
      propertyPath: m_LocalPosition.x
      value: 0.23667803
      objectReference: {fileID: 0}
    - target: {fileID: -8679921383154817045, guid: 9e308269e1f538e419ce405544723f9b,
        type: 3}
      propertyPath: m_LocalPosition.y
      value: -0.8220144
      objectReference: {fileID: 0}
    - target: {fileID: -8679921383154817045, guid: 9e308269e1f538e419ce405544723f9b,
        type: 3}
      propertyPath: m_LocalPosition.z
      value: 0.008773778
      objectReference: {fileID: 0}
    - target: {fileID: -8679921383154817045, guid: 9e308269e1f538e419ce405544723f9b,
        type: 3}
      propertyPath: m_LocalRotation.x
      value: -0.041788667
      objectReference: {fileID: 0}
    - target: {fileID: -8679921383154817045, guid: 9e308269e1f538e419ce405544723f9b,
        type: 3}
      propertyPath: m_LocalRotation.y
      value: -0.9042089
      objectReference: {fileID: 0}
    - target: {fileID: -8679921383154817045, guid: 9e308269e1f538e419ce405544723f9b,
        type: 3}
      propertyPath: m_LocalRotation.z
      value: -0.26925206
      objectReference: {fileID: 0}
    - target: {fileID: -8679921383154817045, guid: 9e308269e1f538e419ce405544723f9b,
        type: 3}
      propertyPath: m_LocalRotation.w
      value: 0.328882
      objectReference: {fileID: 0}
    - target: {fileID: -8679921383154817045, guid: 9e308269e1f538e419ce405544723f9b,
        type: 3}
      propertyPath: m_RootOrder
      value: 2
      objectReference: {fileID: 0}
    - target: {fileID: -8679921383154817045, guid: 9e308269e1f538e419ce405544723f9b,
        type: 3}
      propertyPath: m_LocalEulerAnglesHint.x
      value: -30.958002
      objectReference: {fileID: 0}
    - target: {fileID: -8679921383154817045, guid: 9e308269e1f538e419ce405544723f9b,
        type: 3}
      propertyPath: m_LocalEulerAnglesHint.y
      value: -130.558
      objectReference: {fileID: 0}
    - target: {fileID: -8679921383154817045, guid: 9e308269e1f538e419ce405544723f9b,
        type: 3}
      propertyPath: m_LocalEulerAnglesHint.z
      value: -6.8
      objectReference: {fileID: 0}
    - target: {fileID: -8679921383154817045, guid: 9e308269e1f538e419ce405544723f9b,
        type: 3}
      propertyPath: m_LocalScale.z
      value: 0.01
      objectReference: {fileID: 0}
    - target: {fileID: -7511558181221131132, guid: 9e308269e1f538e419ce405544723f9b,
        type: 3}
      propertyPath: m_Materials.Array.data[0]
      value: 
      objectReference: {fileID: 2100000, guid: 367b9f770aff39b4687934ce7dc320c1, type: 2}
    - target: {fileID: 919132149155446097, guid: 9e308269e1f538e419ce405544723f9b,
        type: 3}
      propertyPath: m_Name
      value: Bouteille1 (2)
      objectReference: {fileID: 0}
    m_RemovedComponents: []
  m_SourcePrefab: {fileID: 100100000, guid: 9e308269e1f538e419ce405544723f9b, type: 3}
--- !u!4 &8804726296319824689 stripped
Transform:
  m_CorrespondingSourceObject: {fileID: -8679921383154817045, guid: 9e308269e1f538e419ce405544723f9b,
    type: 3}
  m_PrefabInstance: {fileID: 9059574043280307418}
  m_PrefabAsset: {fileID: 0}
--- !u!1001 &9059574043582057308
PrefabInstance:
  m_ObjectHideFlags: 0
  serializedVersion: 2
  m_Modification:
    m_TransformParent: {fileID: 7237086014911485413}
    m_Modifications:
    - target: {fileID: -8679921383154817045, guid: c52eb12a64b983b4689d912ea709cf7b,
        type: 3}
      propertyPath: m_LocalPosition.x
      value: 0.11978069
      objectReference: {fileID: 0}
    - target: {fileID: -8679921383154817045, guid: c52eb12a64b983b4689d912ea709cf7b,
        type: 3}
      propertyPath: m_LocalPosition.y
      value: -0.8070144
      objectReference: {fileID: 0}
    - target: {fileID: -8679921383154817045, guid: c52eb12a64b983b4689d912ea709cf7b,
        type: 3}
      propertyPath: m_LocalPosition.z
      value: 0.015407606
      objectReference: {fileID: 0}
    - target: {fileID: -8679921383154817045, guid: c52eb12a64b983b4689d912ea709cf7b,
        type: 3}
      propertyPath: m_LocalRotation.x
      value: -0
      objectReference: {fileID: 0}
    - target: {fileID: -8679921383154817045, guid: c52eb12a64b983b4689d912ea709cf7b,
        type: 3}
      propertyPath: m_LocalRotation.y
      value: -0.066117376
      objectReference: {fileID: 0}
    - target: {fileID: -8679921383154817045, guid: c52eb12a64b983b4689d912ea709cf7b,
        type: 3}
      propertyPath: m_LocalRotation.z
      value: -0
      objectReference: {fileID: 0}
    - target: {fileID: -8679921383154817045, guid: c52eb12a64b983b4689d912ea709cf7b,
        type: 3}
      propertyPath: m_LocalRotation.w
      value: 0.99781185
      objectReference: {fileID: 0}
    - target: {fileID: -8679921383154817045, guid: c52eb12a64b983b4689d912ea709cf7b,
        type: 3}
      propertyPath: m_RootOrder
      value: 4
      objectReference: {fileID: 0}
    - target: {fileID: -8679921383154817045, guid: c52eb12a64b983b4689d912ea709cf7b,
        type: 3}
      propertyPath: m_LocalEulerAnglesHint.x
      value: 0
      objectReference: {fileID: 0}
    - target: {fileID: -8679921383154817045, guid: c52eb12a64b983b4689d912ea709cf7b,
        type: 3}
      propertyPath: m_LocalEulerAnglesHint.y
      value: 0
      objectReference: {fileID: 0}
    - target: {fileID: -8679921383154817045, guid: c52eb12a64b983b4689d912ea709cf7b,
        type: 3}
      propertyPath: m_LocalEulerAnglesHint.z
      value: 0
      objectReference: {fileID: 0}
    - target: {fileID: -8679921383154817045, guid: c52eb12a64b983b4689d912ea709cf7b,
        type: 3}
      propertyPath: m_LocalScale.x
      value: 0.010000001
      objectReference: {fileID: 0}
    - target: {fileID: -8679921383154817045, guid: c52eb12a64b983b4689d912ea709cf7b,
        type: 3}
      propertyPath: m_LocalScale.z
      value: 0.010000001
      objectReference: {fileID: 0}
    - target: {fileID: -7511558181221131132, guid: c52eb12a64b983b4689d912ea709cf7b,
        type: 3}
      propertyPath: m_Materials.Array.data[0]
      value: 
      objectReference: {fileID: 2100000, guid: 0eee7da08b9f4124c84aa2061e7dc9ef, type: 2}
    - target: {fileID: 919132149155446097, guid: c52eb12a64b983b4689d912ea709cf7b,
        type: 3}
      propertyPath: m_Name
      value: Bouteille2
      objectReference: {fileID: 0}
    m_RemovedComponents: []
  m_SourcePrefab: {fileID: 100100000, guid: c52eb12a64b983b4689d912ea709cf7b, type: 3}
--- !u!4 &8804726296018136247 stripped
Transform:
  m_CorrespondingSourceObject: {fileID: -8679921383154817045, guid: c52eb12a64b983b4689d912ea709cf7b,
    type: 3}
  m_PrefabInstance: {fileID: 9059574043582057308}
  m_PrefabAsset: {fileID: 0}
--- !u!1001 &9059574043685092557
PrefabInstance:
  m_ObjectHideFlags: 0
  serializedVersion: 2
  m_Modification:
    m_TransformParent: {fileID: 7237086014911485413}
    m_Modifications:
    - target: {fileID: -8679921383154817045, guid: 9e308269e1f538e419ce405544723f9b,
        type: 3}
      propertyPath: m_LocalPosition.x
      value: 0.18932845
      objectReference: {fileID: 0}
    - target: {fileID: -8679921383154817045, guid: 9e308269e1f538e419ce405544723f9b,
        type: 3}
      propertyPath: m_LocalPosition.y
      value: -0.8220144
      objectReference: {fileID: 0}
    - target: {fileID: -8679921383154817045, guid: 9e308269e1f538e419ce405544723f9b,
        type: 3}
      propertyPath: m_LocalPosition.z
      value: -0.15086979
      objectReference: {fileID: 0}
    - target: {fileID: -8679921383154817045, guid: 9e308269e1f538e419ce405544723f9b,
        type: 3}
      propertyPath: m_LocalRotation.x
      value: -0
      objectReference: {fileID: 0}
    - target: {fileID: -8679921383154817045, guid: 9e308269e1f538e419ce405544723f9b,
        type: 3}
      propertyPath: m_LocalRotation.y
      value: -0.48262933
      objectReference: {fileID: 0}
    - target: {fileID: -8679921383154817045, guid: 9e308269e1f538e419ce405544723f9b,
        type: 3}
      propertyPath: m_LocalRotation.z
      value: -0
      objectReference: {fileID: 0}
    - target: {fileID: -8679921383154817045, guid: 9e308269e1f538e419ce405544723f9b,
        type: 3}
      propertyPath: m_LocalRotation.w
      value: 0.87582475
      objectReference: {fileID: 0}
    - target: {fileID: -8679921383154817045, guid: 9e308269e1f538e419ce405544723f9b,
        type: 3}
      propertyPath: m_RootOrder
      value: 1
      objectReference: {fileID: 0}
    - target: {fileID: -8679921383154817045, guid: 9e308269e1f538e419ce405544723f9b,
        type: 3}
      propertyPath: m_LocalEulerAnglesHint.x
      value: 0
      objectReference: {fileID: 0}
    - target: {fileID: -8679921383154817045, guid: 9e308269e1f538e419ce405544723f9b,
        type: 3}
      propertyPath: m_LocalEulerAnglesHint.y
      value: -50.132004
      objectReference: {fileID: 0}
    - target: {fileID: -8679921383154817045, guid: 9e308269e1f538e419ce405544723f9b,
        type: 3}
      propertyPath: m_LocalEulerAnglesHint.z
      value: 0
      objectReference: {fileID: 0}
    - target: {fileID: -8679921383154817045, guid: 9e308269e1f538e419ce405544723f9b,
        type: 3}
      propertyPath: m_LocalScale.x
      value: 0.009999999
      objectReference: {fileID: 0}
    - target: {fileID: -8679921383154817045, guid: 9e308269e1f538e419ce405544723f9b,
        type: 3}
      propertyPath: m_LocalScale.z
      value: 0.009999999
      objectReference: {fileID: 0}
    - target: {fileID: -7511558181221131132, guid: 9e308269e1f538e419ce405544723f9b,
        type: 3}
      propertyPath: m_Materials.Array.data[0]
      value: 
      objectReference: {fileID: 2100000, guid: 11635481e58b24341a5bf9e8256a5cb0, type: 2}
    - target: {fileID: 919132149155446097, guid: 9e308269e1f538e419ce405544723f9b,
        type: 3}
      propertyPath: m_Name
      value: Bouteille1 (1)
      objectReference: {fileID: 0}
    m_RemovedComponents: []
  m_SourcePrefab: {fileID: 100100000, guid: 9e308269e1f538e419ce405544723f9b, type: 3}
--- !u!4 &8804726295915109158 stripped
Transform:
  m_CorrespondingSourceObject: {fileID: -8679921383154817045, guid: 9e308269e1f538e419ce405544723f9b,
    type: 3}
  m_PrefabInstance: {fileID: 9059574043685092557}
  m_PrefabAsset: {fileID: 0}
--- !u!1001 &9059574044281405770
PrefabInstance:
  m_ObjectHideFlags: 0
  serializedVersion: 2
  m_Modification:
    m_TransformParent: {fileID: 7237086014911485413}
    m_Modifications:
    - target: {fileID: -8679921383154817045, guid: c2cf04a22bbbef2469644191b15d1e7f,
        type: 3}
      propertyPath: m_LocalPosition.x
      value: -0.18127327
      objectReference: {fileID: 0}
    - target: {fileID: -8679921383154817045, guid: c2cf04a22bbbef2469644191b15d1e7f,
        type: 3}
      propertyPath: m_LocalPosition.y
      value: -0.8155144
      objectReference: {fileID: 0}
    - target: {fileID: -8679921383154817045, guid: c2cf04a22bbbef2469644191b15d1e7f,
        type: 3}
      propertyPath: m_LocalPosition.z
      value: -0.21634145
      objectReference: {fileID: 0}
    - target: {fileID: -8679921383154817045, guid: c2cf04a22bbbef2469644191b15d1e7f,
        type: 3}
      propertyPath: m_LocalRotation.x
      value: -0
      objectReference: {fileID: 0}
    - target: {fileID: -8679921383154817045, guid: c2cf04a22bbbef2469644191b15d1e7f,
        type: 3}
      propertyPath: m_LocalRotation.y
      value: -0.34491193
      objectReference: {fileID: 0}
    - target: {fileID: -8679921383154817045, guid: c2cf04a22bbbef2469644191b15d1e7f,
        type: 3}
      propertyPath: m_LocalRotation.z
      value: -0
      objectReference: {fileID: 0}
    - target: {fileID: -8679921383154817045, guid: c2cf04a22bbbef2469644191b15d1e7f,
        type: 3}
      propertyPath: m_LocalRotation.w
      value: 0.9386351
      objectReference: {fileID: 0}
    - target: {fileID: -8679921383154817045, guid: c2cf04a22bbbef2469644191b15d1e7f,
        type: 3}
      propertyPath: m_RootOrder
      value: 6
      objectReference: {fileID: 0}
    - target: {fileID: -8679921383154817045, guid: c2cf04a22bbbef2469644191b15d1e7f,
        type: 3}
      propertyPath: m_LocalEulerAnglesHint.x
      value: 0
      objectReference: {fileID: 0}
    - target: {fileID: -8679921383154817045, guid: c2cf04a22bbbef2469644191b15d1e7f,
        type: 3}
      propertyPath: m_LocalEulerAnglesHint.y
      value: -32.771
      objectReference: {fileID: 0}
    - target: {fileID: -8679921383154817045, guid: c2cf04a22bbbef2469644191b15d1e7f,
        type: 3}
      propertyPath: m_LocalEulerAnglesHint.z
      value: 0
      objectReference: {fileID: 0}
    - target: {fileID: -8679921383154817045, guid: c2cf04a22bbbef2469644191b15d1e7f,
        type: 3}
      propertyPath: m_LocalScale.x
      value: 0.08461752
      objectReference: {fileID: 0}
    - target: {fileID: -8679921383154817045, guid: c2cf04a22bbbef2469644191b15d1e7f,
        type: 3}
      propertyPath: m_LocalScale.z
      value: 0.08461752
      objectReference: {fileID: 0}
    - target: {fileID: -4780072770720950627, guid: c2cf04a22bbbef2469644191b15d1e7f,
        type: 3}
      propertyPath: m_Materials.Array.data[0]
      value: 
      objectReference: {fileID: 2100000, guid: 972df219f44526c40bb1ab81b64362bb, type: 2}
    - target: {fileID: 919132149155446097, guid: c2cf04a22bbbef2469644191b15d1e7f,
        type: 3}
      propertyPath: m_Name
      value: bocal1
      objectReference: {fileID: 0}
    - target: {fileID: 4253280567622488715, guid: c2cf04a22bbbef2469644191b15d1e7f,
        type: 3}
      propertyPath: m_Materials.Array.data[0]
      value: 
      objectReference: {fileID: 2100000, guid: 972df219f44526c40bb1ab81b64362bb, type: 2}
    m_RemovedComponents: []
  m_SourcePrefab: {fileID: 100100000, guid: c2cf04a22bbbef2469644191b15d1e7f, type: 3}
--- !u!4 &8804726295352272545 stripped
Transform:
  m_CorrespondingSourceObject: {fileID: -8679921383154817045, guid: c2cf04a22bbbef2469644191b15d1e7f,
    type: 3}
  m_PrefabInstance: {fileID: 9059574044281405770}
  m_PrefabAsset: {fileID: 0}
